[Event "Titled Tuesday Blitz March 07 Early 2023"]
[White "Naroditsky, Daniel"]
[Black "Lortkipanidze, Nodar"]
[WhiteFideId "2026961"]
[BlackFideId "13604058"]
[WhiteElo "2633"]
[BlackElo "2336"]
[Result "1-0"]
[Round "08"]
[TimeControl "180+2"]
[Date "2023.03.07"]
[WhiteClock "0:00:28"]
[BlackClock "0:00:26"]

1. e4 c5 2. c3 d5 3. exd5 Qxd5 4. d4 g6 5. Nf3 Bg7 6. Na3 cxd4 7. Nb5 Na6 8. Nbxd4 Nf6 9. Bb5+ Bd7 10. Bxa6 bxa6 11. O-O O-O 12. Re1 e6 13. Bf4 Rfd8 14. Be5 Rac8 15. Qc1 Bc6 16. Nxc6 Qxc6 17. Qg5 h6 18. Qf4 Nd5 19. Qh4 f6 20. Bd4 e5 21. Be3 Kh7 22. h3 a5 23. a4 Qb7 24. Bc1 Qb3 25. Qe4 Rc4 26. Qd3 Rcc8 27. Qb5 Qc2 28. Qxa5 f5 29. Nxe5 Nf6 30. Qxa7 Ne4 31. Nf3 Rd1 32. Be3 Rxa1 33. Rxa1 Qxb2 34. Rd1 Rxc3 35. Bd4 1-0


[Site "https://www.chess.com"]

[Event "Titled Tuesday Blitz March 07 Early 2023"]
[White "Duda, Jan-Krzysztof"]
[Black "Aradhya, Garg"]
[WhiteFideId "1170546"]
[BlackFideId "25006746"]
[WhiteElo "2790"]
[BlackElo "2263"]
[Result "1-0"]
[Round "08"]
[TimeControl "180+2"]
[Date "2023.03.07"]
[WhiteClock "0:00:25"]
[BlackClock "0:00:12"]

1. c3 d5 2. d4 Nf6 3. Na3 c5 4. Nc2 Nc6 5. e3 e5 6. Nf3 Bd6 7. Bb5 e4 8. Ne5 Qc7 9. Nxc6 bxc6 10. dxc5 Bxc5 11. Be2 O-O 12. b4 Bd6 13. Nd4 a5 14. b5 c5 15. Nc2 a4 16. Bb2 Be5 17. Na3 Rd8 18. Qc2 Be6 19. O-O-O Qb6 20. Kb1 d4 21. cxd4 cxd4 22. exd4 Bxd4 23. Bxd4 Rxd4 24. f3 exf3 25. gxf3 Rb4+ 26. Ka1 Rc8 27. Qd2 Rh4 28. Rhg1 Rxh2 29. Qg5 g6 30. Qe5 Rh5 31. Qxf6 Qf2 32. Rge1 Qe3 33. Bc4 Qxa3 34. Bxe6 Qc3+ 35. Qxc3 Rxc3 36. b6 Rb5 37. Rb1 Rxb1+ 38. Rxb1 1-0


[Site "https://www.chess.com"]

[Event "Titled Tuesday Blitz March 07 Early 2023"]
[White "Weetik, Vjacheslav"]
[Black "Lazavik, Denis"]
[WhiteFideId "4153472"]
[BlackFideId "13515110"]
[WhiteElo "2469"]
[BlackElo "2560"]
[Result "1-0"]
[Round "08"]
[TimeControl "180+2"]
[Date "2023.03.07"]
[WhiteClock "0:00:17"]
[BlackClock "0:00:04"]

1. e4 c5 2. Nf3 e6 3. d4 cxd4 4. Nxd4 Nc6 5. Nc3 Qc7 6. g3 a6 7. Bg2 Bc5 8. Nb3 Be7 9. O-O Nf6 10. Be3 O-O 11. f4 d5 12. e5 Nd7 13. Kh1 Nb6 14. Ne2 Nc4 15. Bc1 b5 16. Nbd4 Bb7 17. b3 Nxd4 18. Nxd4 Na5 19. Bb2 Nc6 20. f5 Nxe5 21. fxe6 f6 22. Qh5 g6 23. Qh6 Ng4 24. Qd2 f5 25. Rae1 Rae8 26. h3 Qxg3 27. hxg4 Qh4+ 28. Kg1 fxg4 29. Rf7 Rxf7 30. exf7+ Kxf7 31. Rf1+ Kg8 32. Qe3 g3 33. Qe6+ 1-0


[Site "https://www.chess.com"]

[Event "Titled Tuesday Blitz March 07 Early 2023"]
[White "Shimanov, Aleksandr"]
[Black "Wagner, Dennis"]
[WhiteFideId "4198603"]
[BlackFideId "24650684"]
[WhiteElo "2631"]
[BlackElo "2470"]
[Result "1-0"]
[Round "08"]
[TimeControl "180+2"]
[Date "2023.03.07"]
[WhiteClock "0:00:22"]
[BlackClock "0:00:01"]

1. e4 e5 2. Nf3 Nc6 3. Nc3 Nf6 4. h3 Bb4 5. Nd5 Nxd5 6. exd5 Nd4 7. Nxd4 exd4 8. Qf3 O-O 9. Bd3 Re8+ 10. Kd1 b6 11. c3 Bd6 12. Qh5 g6 13. Qf3 Bb7 14. h4 Re5 15. c4 c6 16. h5 Qe7 17. dxc6 Bxc6 18. Qg4 Rg5 19. Qxd4 Bxg2 20. Re1 Bf3+ 21. Kc2 Qxe1 22. Qxd6 Bd1+ 23. Kc3 Rxh5 24. f4 Qe6 25. Qd4 Qc6 26. b4 Qa4 27. Bb2 Rc8 28. Qe3 1-0


[Site "https://www.chess.com"]

[Event "Titled Tuesday Blitz March 07 Early 2023"]
[White "Klabis, Rokas"]
[Black "Durarbayli, Vasif"]
[WhiteFideId "12805246"]
[BlackFideId "13402935"]
[WhiteElo "2288"]
[BlackElo "2543"]
[Result "0-1"]
[Round "08"]
[TimeControl "180+2"]
[Date "2023.03.07"]
[WhiteClock "0:00:12"]
[BlackClock "0:00:03"]

1. e4 c5 2. Nf3 d6 3. d4 cxd4 4. Nxd4 Nf6 5. Nc3 Nc6 6. h3 e5 7. Nde2 Be6 8. g4 d5 9. exd5 Nxd5 10. Bg2 Nxc3 11. Qxd8+ Rxd8 12. Nxc3 h5 13. g5 Nd4 14. Be4 Bb4 15. Bd2 O-O 16. a3 Bxc3 17. Bxc3 Bd5 18. Bxd5 Nxc2+ 19. Ke2 Nxa1 20. Ba2 Nc2 21. g6 Nd4+ 22. Kf1 Ne6 23. gxf7+ Kxf7 24. Kg2 Kf6 25. Re1 Nf4+ 26. Kh2 Rfe8 27. Re4 g5 28. h4 Rd3 29. hxg5+ Kf5 30. Rb4 Rh3+ 31. Kg1 Rd8 32. Bb1+ Kxg5 33. Bc2 b6 34. Bxe5 Rf3 35. Rb5 Kh6 36. Kf1 Rd2 37. Bb3 Rfxf2+ 38. Ke1 Nd3# 0-1


[Site "https://www.chess.com"]

[Event "Titled Tuesday Blitz March 07 Early 2023"]
[White "Narayanan.S.L"]
[Black "Aldokhin, Ivan"]
[WhiteFideId "5058422"]
[BlackFideId "24115720"]
[WhiteElo "2547"]
[BlackElo "2322"]
[Result "1-0"]
[Round "08"]
[TimeControl "180+2"]
[Date "2023.03.07"]
[WhiteClock "0:01:54"]
[BlackClock "0:00:02"]

1. e4 c5 2. c3 d5 3. exd5 Qxd5 4. Na3 Nf6 5. Nf3 e6 6. d4 Nc6 7. Be3 cxd4 8. Nb5 Qd8 9. Nbxd4 Bd7 10. Bd3 Nd5 11. Bd2 Bc5 12. Nb3 Be7 13. Qe2 O-O 14. h4 Qc7 15. O-O-O Ncb4 16. Bb1 a5 17. Ng5 h6 18. a3 a4 19. Nd4 Nxc3 20. Bxc3 Nd5 21. Qd3 g6 22. Ngxe6 Qd6 23. Nxf8 Nxc3 24. Nxg6 fxg6 25. Qxg6+ Qxg6 26. Bxg6 Nxd1 27. Rxd1 Bxh4 28. g3 Bf6 29. Nf5 Rc8+ 30. Kb1 Bxf5+ 31. Bxf5 Rc5 32. Be6+ Kg7 33. Rd5 Rxd5 34. Bxd5 b6 35. Bc6 Bd4 36. f3 Be5 37. g4 Kf6 38. Bxa4 Kg5 39. Kc2 h5 40. gxh5 Kxh5 41. Bc6 Kg5 42. b4 Kf6 43. Kb3 Ke7 44. Kc4 Kd6 45. Be4 Bf4 46. a4 Bd2 47. Kb5 Kc7 48. a5 bxa5 49. bxa5 Kb8 50. a6 Be3 51. Bb7 Kc7 52. Kc4 Kd6 53. Kd3 Ba7 54. Ke4 Ke6 55. f4 Bb8 56. f5+ Kd6 57. Bd5 Ke7 58. Be6 Kd6 59. Kf4 Ke7+ 60. Kg5 Ba7 61. Kg6 Bd4 62. Bb3 Bc5 63. f6+ Kf8 64. f7 1-0


[Site "https://www.chess.com"]

[Event "Titled Tuesday Blitz March 07 Early 2023"]
[White "Karthik Rajaa"]
[Black "Ibarra Jerez, Jose Carlos"]
[WhiteFideId "25035215"]
[BlackFideId "2226332"]
[WhiteElo "2215"]
[BlackElo "2638"]
[Result "0-1"]
[Round "08"]
[TimeControl "180+2"]
[Date "2023.03.07"]
[WhiteClock "0:00:06"]
[BlackClock "0:00:03"]

1. Nf3 d6 2. d4 Nf6 3. Nc3 Bf5 4. g3 Ne4 5. Nb1 Nf6 6. Bg2 g6 7. O-O Bg7 8. Nc3 Ne4 9. Nb1 Nf6 10. Nc3 O-O 11. Re1 Ne4 12. Nd5 c6 13. Ne3 Bd7 14. Nf1 f5 15. c3 c5 16. dxc5 Nxc5 17. Ne3 Kh8 18. Nd4 Nc6 19. b3 Rc8 20. Bb2 f4 21. Nd5 fxg3 22. hxg3 e6 23. Nf4 e5 24. Nxc6 bxc6 25. Qxd6 Nb7 26. Nxg6+ hxg6 27. Qxg6 Qf6 28. Qh5+ Kg8 29. Rf1 Be8 30. Qg4 Rd8 31. c4 Bd7 32. Qh5 Qe7 33. Rad1 Be8 34. Qg4 Rxd1 35. Rxd1 Qf7 36. Rf1 Bd7 37. Qg5 Nc5 38. Bxe5 Ne6 39. Qe3 Bxe5 40. Qxe5 Qg7 41. Qd6 Nd4 42. Re1 Bg4 43. f3 Bf5 44. e4 Bc8 45. Kf2 Ne6 46. Rh1 Rd8 47. Qa3 Qd4+ 48. Kf1 Qd1+ 49. Kf2 Rd2+ 50. Ke3 Qe2# 0-1


[Site "https://www.chess.com"]

[Event "Titled Tuesday Blitz March 07 Early 2023"]
[White "Martynov, Pavel"]
[Black "Narayanan, Srinath"]
[WhiteFideId "4101260"]
[BlackFideId "5018420"]
[WhiteElo "2314"]
[BlackElo "2438"]
[Result "0-1"]
[Round "08"]
[TimeControl "180+2"]
[Date "2023.03.07"]
[WhiteClock "0:00:53"]
[BlackClock "0:01:49"]

1. e4 c6 2. d4 d5 3. exd5 cxd5 4. c4 Nf6 5. Nc3 e6 6. Nf3 Be7 7. a3 O-O 8. Bd3 dxc4 9. Bxc4 b6 10. O-O Bb7 11. Re1 Qc7 12. Ba2 Nbd7 13. Qd3 Rfe8 14. Bg5 Rad8 15. Rad1 h6 16. Bh4 Nc5 17. Qe2 Nce4 18. Ne5 Nxc3 19. bxc3 Ne4 20. Nxf7 Bxh4 21. Nxd8 Bxf2+ 22. Kh1 Qxd8 23. Rf1 Qh4 24. Rxf2 Nxf2+ 25. Kg1 Nxd1 0-1


[Site "https://www.chess.com"]

[Event "Titled Tuesday Blitz March 07 Early 2023"]
[White "Yeletsky, Ivan"]
[Black "Csonka, Balazs"]
[WhiteFideId "24180327"]
[BlackFideId "742910"]
[WhiteElo "2414"]
[BlackElo "2404"]
[Result "0-1"]
[Round "08"]
[TimeControl "180+2"]
[Date "2023.03.07"]
[WhiteClock "0:00:03"]
[BlackClock "0:00:04"]

1. e4 c6 2. f3 e5 3. d4 exd4 4. Qxd4 d5 5. Nc3 Nf6 6. Bf4 Nbd7 7. O-O-O Bc5 8. Qd2 O-O 9. g4 dxe4 10. g5 Nh5 11. fxe4 Nxf4 12. Qxf4 Qb6 13. Qg3 Bd4 14. Bc4 Be5 15. Qf3 Qa5 16. Nge2 b5 17. Bb3 Nc5 18. h4 b4 19. Nb1 Nxb3+ 20. axb3 Be6 21. Nd4 Rad8 22. Nxc6 Rxd1+ 23. Rxd1 Qc7 24. Nxe5 Qxe5 25. Nd2 a5 26. Qe3 g6 27. Nf3 Qg3 28. Re1 Rd8 29. Kb1 Qg2 30. Ka2 Qg3 0-1


[Site "https://www.chess.com"]

[Event "Titled Tuesday Blitz March 07 Early 2023"]
[White "Bharath Subramaniyam H"]
[Black "Martinez Ramirez, Lennis"]
[WhiteFideId "46634827"]
[BlackFideId "3509079"]
[WhiteElo "2395"]
[BlackElo "2439"]
[Result "1-0"]
[Round "08"]
[TimeControl "180+2"]
[Date "2023.03.07"]
[WhiteClock "0:01:03"]
[BlackClock "0:00:18"]

1. e4 c5 2. Nf3 d6 3. d4 cxd4 4. Nxd4 Nf6 5. Nc3 a6 6. h3 b5 7. g4 Bb7 8. Bg2 h6 9. O-O e6 10. Re1 Qc7 11. a4 b4 12. Nd5 exd5 13. exd5+ Kd8 14. Qe2 Nbd7 15. Nc6+ Bxc6 16. dxc6 Nc5 17. Bd2 a5 18. c3 b3 19. Be3 Ne6 20. Rad1 Be7 21. Qc4 Rb8 22. f4 Ke8 23. f5 Nc5 24. Bf4 Qb6 25. Rxe7+ Kxe7 26. Bxd6+ Ke8 27. Bxc5 Qc7 28. Qe2+ 1-0


[Site "https://www.chess.com"]

[Event "Titled Tuesday Blitz March 07 Early 2023"]
[White "Hernandez Gonzalez, William"]
[Black "Yuan, Qingyu"]
[WhiteFideId "3509915"]
[BlackFideId "8609772"]
[WhiteElo "2374"]
[BlackElo "2359"]
[Result "1-0"]
[Round "08"]
[TimeControl "180+2"]
[Date "2023.03.07"]
[WhiteClock "0:00:17"]
[BlackClock "0:00:01"]

1. e4 e5 2. Nf3 Nc6 3. Bc4 Bc5 4. c3 Nf6 5. d4 exd4 6. b4 Be7 7. e5 Ng4 8. cxd4 Bxb4+ 9. Bd2 Bxd2+ 10. Nbxd2 O-O 11. O-O d6 12. h3 Nh6 13. Rb1 Nf5 14. Nb3 dxe5 15. dxe5 Qe7 16. Re1 Rd8 17. Qe2 a6 18. Bd3 Be6 19. Be4 Nb4 20. Bxb7 Rab8 21. Be4 Nd5 22. Nbd4 Nxd4 23. Nxd4 Nc3 24. Bxh7+ Kf8 25. Qh5 Nxb1 26. Bxb1 Ke8 27. Nc6 Qf8 28. Be4 Rb6 29. Nxd8 Kxd8 30. f4 g6 31. Qd1+ Kc8 32. Qc2 Kb8 33. Rc1 Qe7 34. Kh1 Qd7 35. Rd1 Qe7 36. a4 a5 37. Qd2 Rb4 38. Qc2 Rb6 39. Qc3 Qb4 40. Rd8+ Bc8 41. Qd3 Qxa4 42. f5 Qb3 43. Qd7 1-0


[Site "https://www.chess.com"]

[Event "Titled Tuesday Blitz March 07 Early 2023"]
[White "Movahed, Sina"]
[Black "Hamitevici, Vladimir"]
[WhiteFideId "42520835"]
[BlackFideId "13902393"]
[WhiteElo "2225"]
[BlackElo "2401"]
[Result "1-0"]
[Round "08"]
[TimeControl "180+2"]
[Date "2023.03.07"]
[WhiteClock "0:00:25"]
[BlackClock "0:00:07"]

1. e4 e5 2. Nf3 Nc6 3. Bb5 a6 4. Ba4 Nge7 5. O-O d6 6. c3 Bd7 7. d4 Ng6 8. d5 Nb8 9. c4 Be7 10. Nc3 O-O 11. Bc2 a5 12. Rb1 Na6 13. a3 f5 14. exf5 Bxf5 15. Bxf5 Rxf5 16. b4 Qd7 17. Nd2 Nf4 18. Nde4 axb4 19. axb4 Raf8 20. Rb3 g6 21. g3 Rh5 22. f3 Rxh2 23. Rf2 Rxf2 24. Kxf2 Qh3 25. gxf4 Bh4+ 26. Ke2 Qg2+ 27. Kd3 exf4 28. b5 Nb8 29. Rb2 Qh3 30. Kc2 Nd7 31. Kb3 Ne5 32. Rd2 Qxf3 33. Qxf3 Nxf3 34. Rd1 Ne5 35. Rh1 g5 36. b6 cxb6 37. Nxd6 f3 38. Nde4 h6 39. Be3 f2 40. Rf1 Ng4 41. Bxb6 Nh2 42. Rxf2 Bxf2 43. Bxf2 Ng4 44. Bb6 Ne5 45. Bd4 Nf3 46. Be3 Kh7 47. c5 h5 48. Nxg5+ Nxg5 49. Bxg5 Rf5 50. Be7 Rxd5 51. Nxd5 1-0


[Site "https://www.chess.com"]

[Event "Titled Tuesday Blitz March 07 Early 2023"]
[White "Tan, Jun Ying"]
[Black "Harsh Suresh"]
[WhiteFideId "5710413"]
[BlackFideId "45018464"]
[WhiteElo "2089"]
[BlackElo "2227"]
[Result "1-0"]
[Round "08"]
[TimeControl "180+2"]
[Date "2023.03.07"]
[WhiteClock "0:01:13"]
[BlackClock "0:00:31"]

1. d4 g6 2. c4 Bg7 3. e4 Nc6 4. Be3 e5 5. Ne2 d6 6. Nbc3 Nf6 7. f3 exd4 8. Nxd4 Nxd4 9. Bxd4 O-O 10. Qd2 Re8 11. O-O-O a6 12. Kb1 b5 13. cxb5 axb5 14. Bxb5 Bd7 15. Bc4 Rb8 16. g4 c5 17. Be3 Bxg4 18. Bg5 Bxf3 19. Rhf1 Nxe4 20. Bxf7+ Kh8 21. Bxd8 Nxd2+ 22. Rxd2 Bxc3 23. Rxf3 Bxd2 24. Bf6# 1-0


[Site "https://www.chess.com"]

[Event "Titled Tuesday Blitz March 07 Early 2023"]
[White "Fiorito, Joaquin"]
[Black "Hayrapetyan, Hovik"]
[WhiteFideId "180173"]
[BlackFideId "13302639"]
[WhiteElo "2157"]
[BlackElo "2348"]
[Result "0-1"]
[Round "08"]
[TimeControl "180+2"]
[Date "2023.03.07"]
[WhiteClock "0:00:47"]
[BlackClock "0:00:43"]

1. d4 Nf6 2. Nc3 d5 3. Bf4 a6 4. e3 c5 5. dxc5 Nc6 6. a3 e5 7. Bg5 Be6 8. b4 Be7 9. Nf3 O-O 10. Be2 h6 11. Bh4 b6 12. cxb6 Qxb6 13. Bxf6 Bxf6 14. Nxd5 Bxd5 15. Qxd5 e4 16. Nd4 Nxd4 17. exd4 Bxd4 18. Rd1 Bxf2+ 19. Kf1 e3 20. Bd3 Rad8 21. Qf3 Rd6 22. Ke2 Rfd8 23. Qe4 g6 24. Qc4 Qb7 25. Qe4 Qd7 26. Qc4 Rd4 27. Qxd4 Qxd4 28. Bxa6 Qg4+ 0-1


[Site "https://www.chess.com"]

[Event "Titled Tuesday Blitz March 07 Early 2023"]
[White "Santos Ruiz, Miguel"]
[Black "Crevatin, Leo"]
[WhiteFideId "22291482"]
[BlackFideId "1726307"]
[WhiteElo "2504"]
[BlackElo "2190"]
[Result "1-0"]
[Round "08"]
[TimeControl "180+2"]
[Date "2023.03.07"]
[WhiteClock "0:02:03"]
[BlackClock "0:01:37"]

1. e4 c5 2. Nf3 d6 3. Nc3 Nc6 4. Bc4 Nf6 5. d4 cxd4 6. Nxd4 Qb6 7. Nxc6 bxc6 8. O-O g6 9. Qe1 Nd7 10. Na4 Qc7 11. Qc3 e5 12. Qf3 Nb6 13. Nxb6 axb6 14. Qf6 Rg8 15. f4 b5 16. Bb3 Bg7 17. Qh4 Be6 18. Qxh7 Bxb3 19. Qxg8+ 1-0


[Site "https://www.chess.com"]

[Event "Titled Tuesday Blitz March 07 Early 2023"]
[White "Krzyzanowski, Marcin"]
[Black "Krstulovic, Alex"]
[WhiteFideId "1132199"]
[BlackFideId "760056"]
[WhiteElo "2471"]
[BlackElo "2311"]
[Result "1-0"]
[Round "08"]
[TimeControl "180+2"]
[Date "2023.03.07"]
[WhiteClock "0:00:30"]
[BlackClock "0:00:03"]

1. c4 e5 2. Nc3 Nc6 3. Nf3 Bc5 4. e3 a6 5. Be2 d6 6. O-O Ba7 7. d4 Nge7 8. a3 O-O 9. b4 Bg4 10. dxe5 dxe5 11. Qc2 Bf5 12. Qb3 Ng6 13. Rd1 Qc8 14. Nd5 e4 15. Nd2 Nh4 16. b5 axb5 17. cxb5 Na5 18. Ne7+ Kh8 19. Nxc8 Nxb3 20. Nxb3 Raxc8 21. Bb2 Be6 22. Nd4 Bd5 23. Rac1 Bb6 24. g3 Ng6 25. Nf5 Be6 26. Bxg7+ Kg8 27. Bxf8 Bxf5 28. Bc5 Ba5 29. Bb4 Bb6 30. a4 Ra8 31. a5 Bxa5 32. Bxa5 Rxa5 33. Rxc7 Ra2 34. Bc4 Rb2 35. Bxf7+ Kf8 36. Be6 Ne7 37. Bxf5 1-0


[Site "https://www.chess.com"]

[Event "Titled Tuesday Blitz March 07 Early 2023"]
[White "Strahov, Andrej"]
[Black "Smirnov, Pavel"]
[WhiteFideId "4165489"]
[BlackFideId "4123425"]
[WhiteElo "2600"]
[BlackElo "2519"]
[Result "0-1"]
[Round "08"]
[TimeControl "180+2"]
[Date "2023.03.07"]
[WhiteClock "0:00:06"]
[BlackClock "0:00:13"]

1. e4 e5 2. Nf3 Nc6 3. d4 exd4 4. Nxd4 Nf6 5. Nc3 Bb4 6. Nxc6 bxc6 7. Bd3 d5 8. exd5 O-O 9. O-O Bg4 10. Be2 Bxe2 11. Nxe2 cxd5 12. Nd4 Qd7 13. Qf3 Be7 14. Re1 Rfe8 15. Nf5 Bf8 16. Bg5 Ne4 17. Be3 Re5 18. Ng3 Rae8 19. Nxe4 Rxe4 20. Red1 Qe6 21. c3 c5 22. h3 g6 23. Rd2 Re5 24. Rad1 Rf5 25. Qg4 a6 26. Qa4 Rc8 27. Qb3 Rd8 28. Qb7 h5 29. Qc7 Rd7 30. Qc8 Ra7 31. Qb8 Rd7 32. Bxc5 Re7 33. Bxe7 Qxe7 34. Rxd5 Rf6 35. Rd7 Qc5 36. Qc7 Qxf2+ 37. Kh1 Qxb2 38. Rd8 Qa3 39. Qe5 Rf5 40. Qb8 Kg7 41. Rc8 Qe7 42. Rdd8 Qe1+ 43. Kh2 Rf1 44. g3 Qf2# 0-1


[Site "https://www.chess.com"]

[Event "Titled Tuesday Blitz March 07 Early 2023"]
[White "Petukhov, Dmitry"]
[Black "Atakhan, Abtin"]
[WhiteFideId "4142748"]
[BlackFideId "22502203"]
[WhiteElo "2311"]
[BlackElo "2008"]
[Result "1-0"]
[Round "08"]
[TimeControl "180+2"]
[Date "2023.03.07"]
[WhiteClock "0:00:06"]
[BlackClock "0:00:02"]

1. e4 c5 2. c3 Nf6 3. e5 Nd5 4. d4 cxd4 5. Nf3 Nc6 6. Bc4 Nb6 7. Bb3 d6 8. exd6 Qxd6 9. O-O Be6 10. Bxe6 Qxe6 11. Nxd4 Qd7 12. Nxc6 Qxc6 13. Na3 e6 14. Nc2 Be7 15. a4 O-O 16. a5 Nd5 17. Ne3 Rfd8 18. Qa4 Rac8 19. Qxc6 Rxc6 20. Rd1 Nxe3 21. Bxe3 a6 22. Kf1 Kf8 23. Ke2 Ke8 24. Rxd8+ Bxd8 25. Kd3 Rd6+ 26. Kc2 Rd5 27. b4 Kd7 28. c4 Rh5 29. h3 Be7 30. Kb3 Kc6 31. Rd1 Rf5 32. Rd3 h5 33. f3 Re5 34. Ka4 g5 35. Bb6 Bf6 36. Bd4 Rf5 37. b5+ Kc7 38. b6+ Kc8 39. Bxf6 Rxf6 40. Kb4 Rf5 41. g4 hxg4 42. hxg4 Re5 43. Rc3 f5 44. gxf5 exf5 45. Rd3 Re6 46. Rd5 Rf6 47. Re5 g4 48. fxg4 fxg4 49. Rg5 Rf4 50. Kc5 Re4 51. Kd6 Rd4+ 52. Kc5 Re4 53. Rg8+ Kd7 54. Rg7+ Kc8 55. Kd5 Re8 56. Rxg4 Kb8 57. Rg7 Rd8+ 58. Kc5 Rc8+ 59. Kd4 Rd8+ 60. Kc5 Rc8+ 61. Kb4 Re8 62. Rg4 Rh8 63. c5 Rc8 64. Kc4 Rd8 65. Rg5 Rc8 66. Rg6 Rd8 67. c6 bxc6 68. Rxc6 Kb7 69. Rc7+ Kb8 70. Ra7 Rc8+ 71. Kb4 Rc1 72. Rxa6 Rb1+ 73. Kc3 Rc1+ 74. Kb2 Rh1 75. Ra7 Rh2+ 76. Kc3 Rh3+ 77. Kd2 Rb3 78. Kc2 Ra3 79. Kb2 Ra4 80. Kb3 Ra1 81. Kb4 Rb1+ 82. Kc5 Ra1 83. Kb5 Rb1+ 84. Ka6 Rd1 85. Rh7 Rd8 86. Kb5 Rd5+ 87. Kb4 Rd4+ 88. Kc5 Rd8 89. a6 Ka8 90. b7+ Ka7 91. Kc6 Rd1 92. Rh5 Rc1+ 93. Rc5 Rb1 94. Kc7 Rb4 95. Rc6 Rb1 96. Rc5 Rb2 97. Kd6 Rb6+ 98. Rc6 Rb2 99. Rc8 Rd2+ 100. Ke5 Re2+ 101. Kd4 Rb2 102. Ra8+ Kb6 103. b8=Q+ Ka5 104. Qxb2 1-0


[Site "https://www.chess.com"]

[Event "Titled Tuesday Blitz March 07 Early 2023"]
[White "Sargissyan, Sargis"]
[Black "Real_OceanStorm"]
[WhiteFideId "13303210"]
[WhiteElo "2109"]
[BlackElo "2769"]
[Result "0-1"]
[Round "08"]
[TimeControl "180+2"]
[Date "2023.03.07"]
[WhiteClock "0:00:02"]
[BlackClock "0:00:10"]

1. e4 c5 2. Nf3 d6 3. d4 cxd4 4. Nxd4 Nf6 5. Nc3 Bd7 6. Bg5 e6 7. Ndb5 Bc6 8. Bf4 e5 9. Bg5 a6 10. Bxf6 gxf6 11. Na3 f5 12. Qh5 Qf6 13. Qxf5 Qxf5 14. exf5 b5 15. Nd1 Nd7 16. c3 Bh6 17. Nc2 Nf6 18. Nde3 Ke7 19. Bd3 d5 20. a4 Bd7 21. axb5 axb5 22. O-O Rhg8 23. Rfd1 Rgd8 24. Be2 Rxa1 25. Rxa1 Rc8 26. Rd1 d4 27. cxd4 Bxe3 28. Nxe3 exd4 29. Rxd4 Rc1+ 30. Rd1 Rc8 31. g4 h6 32. h3 Rb8 33. Nd5+ Nxd5 34. Rxd5 b4 35. Bc4 f6 36. b3 Rb6 37. Kg2 Bc6 38. Kg3 Bxd5 39. Bxd5 Rd6 40. Bc4 Rd1 41. h4 Rg1+ 42. Kf4 Kd6 43. f3 Rh1 44. Kg3 Ke5 45. Bf7 Kd4 46. Bc4 Ke3 47. Bd5 Rg1+ 48. Kh2 Ra1 49. Kg2 Kf4 50. Bc4 Ra2+ 51. Kh3 Rd2 52. g5 hxg5 53. hxg5 Kxg5 54. Be6 Kf4 55. Kh4 Rh2# 0-1


[Site "https://www.chess.com"]

[Event "Titled Tuesday Blitz March 07 Early 2023"]
[White "Ozen, Bahadir"]
[Black "Garakov, Mikhael"]
[WhiteFideId "6337058"]
[BlackFideId "4169034"]
[WhiteElo "2503"]
[BlackElo "2347"]
[Result "1-0"]
[Round "08"]
[TimeControl "180+2"]
[Date "2023.03.07"]
[WhiteClock "0:00:04"]
[BlackClock "0:00:13"]

1. g3 e5 2. c4 f5 3. d4 e4 4. a3 Nf6 5. Bg5 Be7 6. Bxf6 Bxf6 7. e3 O-O 8. Nc3 d6 9. h4 Nc6 10. Nge2 g6 11. Nf4 Ne7 12. Rc1 c6 13. Be2 h6 14. Kd2 a6 15. g4 b5 16. gxf5 Bxf5 17. Qb3 bxc4 18. Qxc4+ d5 19. Qa4 c5 20. Ncxd5 Nxd5 21. Nxd5 cxd4 22. exd4 Bxh4 23. Rc6 Bg5+ 24. Ke1 Kh8 25. Ne3 Bxe3 26. fxe3 Qg5 27. Kd2 Bd7 28. Rc5 Qxc5 29. Qxd7 Qf5 30. Rxh6+ 1-0


[Site "https://www.chess.com"]

[Event "Titled Tuesday Blitz March 07 Early 2023"]
[White "Colas, Joshua"]
[Black "Fier, Alexandr"]
[WhiteFideId "2044447"]
[BlackFideId "2107139"]
[WhiteElo "2347"]
[BlackElo "2610"]
[Result "0-1"]
[Round "08"]
[TimeControl "180+2"]
[Date "2023.03.07"]
[WhiteClock "0:00:01"]
[BlackClock "0:00:31"]

1. Nf3 Nf6 2. c4 b6 3. g3 Bb7 4. Bg2 g5 5. O-O g4 6. Ne1 Bxg2 7. Nxg2 h5 8. d4 e6 9. Nc3 d5 10. Bg5 c6 11. e4 dxe4 12. d5 Bh6 13. Bxh6 Rxh6 14. dxe6 Qxd1 15. exf7+ Kxf7 16. Raxd1 Nbd7 17. Rfe1 Nc5 18. Nf4 a5 19. Rd6 Rc8 20. b3 Rhh8 21. Red1 Rhe8 22. Ng2 Ne6 23. Ne3 Ng5 24. Na4 b5 25. Nc5 h4 26. Nf5 Nf3+ 27. Kg2 h3+ 28. Kh1 Re5 29. Nh6+ Kg7 30. Rxf6 Kxf6 31. Nxg4+ Kf5 32. Nxe5 Kxe5 33. Nd7+ Kf5 34. Nc5 Re8 35. cxb5 cxb5 36. Nb7 Re5 37. Nxa5 e3 38. fxe3 Rxe3 39. Nc6 Re2 40. g4+ Kg5 41. Rd5+ Kxg4 42. Rd3 Re1# 0-1


[Site "https://www.chess.com"]

[Event "Titled Tuesday Blitz March 07 Early 2023"]
[White "Leiva, Gianmarco"]
[Black "Costachi, Mihnea"]
[WhiteFideId "3804399"]
[BlackFideId "1217518"]
[WhiteElo "2345"]
[BlackElo "2456"]
[Result "0-1"]
[Round "08"]
[TimeControl "180+2"]
[Date "2023.03.07"]
[WhiteClock "0:00:13"]
[BlackClock "0:01:19"]

1. e4 e5 2. Nf3 Nc6 3. Bc4 Bc5 4. d3 Nf6 5. O-O h6 6. c3 d6 7. Re1 O-O 8. h3 Bb6 9. Bb3 Nh5 10. Nbd2 Qf6 11. Nc4 Nf4 12. Nxb6 axb6 13. Kh2 Ne7 14. Be3 g5 15. Ng1 Neg6 16. g3 Ne6 17. Qf3 Qxf3 18. Nxf3 Nc5 19. Bc2 f5 20. Nd2 f4 21. Bxc5 fxg3+ 22. fxg3 bxc5 23. Rf1 Rxf1 24. Rxf1 Be6 25. a3 Kg7 26. Bb3 Bxb3 27. Nxb3 h5 28. Nd2 h4 29. Nc4 hxg3+ 30. Kxg3 Nf4 31. Ne3 Rh8 32. Nf5+ Kf6 33. h4 gxh4+ 34. Nxh4 Ke6 35. Rd1 b5 36. d4 cxd4 37. cxd4 Ne2+ 38. Kg4 Rg8+ 39. Kf3 Nxd4+ 40. Kf2 Rg4 41. Nf5 Nxf5 42. exf5+ Kxf5 43. Rd5 b4 44. a4 b3 45. a5 Ra4 46. Rb5 Ra2 47. a6 Rxb2+ 48. Ke3 Ra2 49. Rxb3 Rxa6 50. Rb7 Rc6 51. Kd3 d5 52. Rb8 Ke6 53. Re8+ Kd6 54. Ra8 e4+ 55. Kd4 Rc4+ 56. Ke3 Rc3+ 57. Kf4 Rf3+ 58. Kg4 c5 59. Ra6+ Ke5 60. Ra8 c4 61. Re8+ Kd4 62. Rd8 Rf7 63. Rc8 e3 64. Rc7 Rxc7 0-1


[Site "https://www.chess.com"]

[Event "Titled Tuesday Blitz March 07 Early 2023"]
[White "Hambleton, Aman"]
[Black "Sielecki, Christof"]
[WhiteFideId "2606577"]
[BlackFideId "4620437"]
[WhiteElo "2511"]
[BlackElo "2443"]
[Result "1-0"]
[Round "08"]
[TimeControl "180+2"]
[Date "2023.03.07"]
[WhiteClock "0:00:08"]
[BlackClock "0:00:02"]

1. d4 d5 2. Bf4 Nf6 3. e3 e6 4. Nd2 Bd6 5. Ngf3 O-O 6. Bd3 c5 7. c3 Bxf4 8. exf4 Qd6 9. g3 cxd4 10. Nxd4 e5 11. fxe5 Qxe5+ 12. Qe2 Qd6 13. O-O Nc6 14. N2b3 Nxd4 15. Nxd4 Bd7 16. f3 h5 17. Rfe1 Rfe8 18. Qf2 g6 19. Rxe8+ Rxe8 20. Re1 Re5 21. Re2 a6 22. Qe1 Rxe2 23. Qxe2 Kg7 24. Kg2 h4 25. Qe3 hxg3 26. hxg3 Qb8 27. Ne2 Qh8 28. Qe5 Qe8 29. Qd4 Qe7 30. Nf4 Qd6 31. c4 Bc6 32. cxd5 Bxd5 33. Be4 g5 34. Nxd5 1-0


[Site "https://www.chess.com"]